Map: New Repugnancy LE

Players

Mez

  • Race: Terran Terran
  • League: Master
  • Spawn Location: 7:00

Dan - Winner!

  • Race: Terran Terran
  • Spawn Location: 1:00

VOD

Have the link to the VOD?

Description

Time

  • Played on: July 28, 2019, 7:38 p.m.
  • Length: 5:11
Show
View Real Time Build Order
Export as new Build Order

Mez Terran 

Build Orders:  

Get SALT Encoding   

  12  0:01  SCV  
  13  0:13  SCV  
  14  0:18  Supply Depot  
  14  0:25  SCV  
  15  0:39  SCV  
  15  0:41  Barracks  
  16  0:44  Refinery  
  16  0:52  SCV  
  17  1:01  Barracks  
  17  1:04  SCV  
  18  1:12  Refinery  
  18  1:16  SCV  
  19  1:29  Reaper  
  20  1:33  Orbital Command  
  20  1:43  Supply Depot  
  20  1:52  Reaper  
  21  1:59  SCV  
  22  2:01  Reaper  
  23  2:13  SCV  
  24  2:24  Reaper  
  25  2:33  Reaper  
  26  2:41  Command Center  
  26  2:45  Supply Depot  
  26  2:49  SCV  
  27  3:03  SCV  
  28  3:06  Barracks Reactor  
  28  3:07  Barracks  
  28  3:08  Engineering Bay  
  28  3:09  Supply Depot  
  28  3:13  Barracks Tech Lab  
  28  3:15  SCV  
  29  3:27  SCV  
  29  3:32  Factory  
  30  3:46  Marine x2  
  30  3:47  Marauder  
  29  3:49  SCV  
  30  3:58  Orbital Command  
  30  4:03  Bunker  
  30  4:05  SCV  
  30  4:09  Marine  
  32  4:10  Marine  
  32  4:18  Marine, Marauder  
  32  4:21  SCV  
  36  4:28  Starport, Factory Reactor  
  36  4:32  Marine  
  36  4:33  Marine  
  38  4:52  Marine x2  
Show
View Real Time Build Order
Export as new Build Order

Dan Terran - Winner!

Build Orders: 2 Factory, Cyclone Opening 

Get SALT Encoding   

  12  0:00  SCV  
  13  0:12  SCV  
  14  0:17  Supply Depot  
  14  0:25  SCV  
  15  0:28  Refinery  
  15  0:38  SCV  
  16  0:45  Barracks  
  16  0:50  SCV  
  17  0:58  Refinery  
  17  1:02  SCV  
  18  1:15  SCV  
  19  1:33  Orbital Command  
  19  1:34  Reaper  
  20  1:43  Factory  
  20  1:57  Supply Depot  
  20  1:58  SCV  
  21  2:11  SCV, Barracks Tech Lab  
  22  2:23  SCV  
  23  2:35  Cyclone, SCV  
  27  2:40  Barracks Reactor, Factory  
  27  2:47  SCV  
  27  2:50  Supply Depot  
  27  2:58  Mag-Field Accelerator  
  27  3:00  SCV  
  28  3:07  Cyclone  
  31  3:25  SCV  
  32  3:29  Supply Depot  
  32  3:30  Hellion x2  
  36  3:37  SCV  
  36  3:39  Cyclone  
  35  3:57  Hellion x2  
  35  3:59  SCV  
  39  4:11  Cyclone  
  39  4:12  SCV  
  43  4:24  SCV  
  43  4:29  Widow Mine  
  46  4:33  Widow Mine, Supply Depot  
  46  4:36  SCV  
  46  4:48  SCV  
Tags
 
Add a new tag
Caveats
  • Supply blocks, unpowered buildings, or Contaminate may cause inaccurate times.
  • Supply counts are checked every 10 seconds.